 Dungeon Crawl Stone Soup version 0.29.1-15-g9cfb28693d (webtiles) character file.

Game seed: 8283837366231692842

16 H0rd4k the Charlatan (level 2, 0/19 HPs)
             Began as an Octopode Artificer on Mar 17, 2023.
             Constricted to death by a ball python (1 damage)
             ... on level 1 of the Dungeon.
             The game lasted 00:00:30 (188 turns).

H0rd4k the Charlatan (Octopode Artificer)            Turns: 188, Time: 00:00:30

Health: 0/19       AC:  1    Str: 11    XL:     2   Next: 54%
Magic:  3/3        EV: 10    Int: 13    God:
Gold:   34         SH:  0    Dex: 12    Spells: 3/3 levels left

rFire   . . .      SeeInvis .   (no weapon)
rCold   . . .      Faith    .   (no shield)
rNeg    . . .      Spirit   .   (helmet restricted)
rPois   .          Reflect  .   (no amulet)
rElec   .          Harm     .   (no ring)
rCorr   .          Rampage  .   (no ring)
Will    .....                   (no ring)
Stlth   ++++......              (no ring)
HPRegen 0.06/turn               (no ring)
MPRegen 0.08/turn               (no ring)
                                (no ring)
                                (no ring)

@: constricted
A: almost no armour, amphibious, 8 rings, camouflage 1, gelatinous body 1,
nimble swimmer 1, tentacles
a: no special abilities


You were on level 1 of the Dungeon.
You visited 1 branch of the dungeon, and saw 1 of its levels.

You collected 34 gold pieces.

Inventory:

Missiles
 e - 3 poisoned darts
 f - 2 atropa-tipped darts
Wands
 b - a wand of flame (15) (quivered)
 c - a wand of charming (15)
 d - a wand of iceblast (5)
Scrolls
 g - a scroll of torment {unknown}
Potions
 a - a potion of heal wounds {unknown}


   Skills:
 * Level 1.7 Fighting
 - Level 2.3 Dodging
 - Level 1.3 Stealth
 + Level 0.1 Unarmed Combat
 * Level 1.2 Spellcasting
 - Level 3.2 Evocations


You had 3 spell levels left.
You didn't know any spells.
Your spell library was empty.

Dungeon Overview and Level Annotations

Branches:
Dungeon (1/15)

Altars:


Innate Abilities, Weirdness & Mutations

You cannot wear most types of armour.
You are amphibious.
You can wear up to eight rings at the same time.
Your skin changes colour to match your surroundings (Stealth+).
Your rubbery body absorbs attacks. (AC +1, EV +1)
You are camouflaged when in or above water. (Stealth+)
You have tentacles for arms and can constrict up to eight enemies at once.


Message History

You constrict the gnoll. The gnoll hits you with a +0 club!
Ouch! That really hurt!
You tentacle-slap the gnoll but do no damage.
The gnoll is moderately wounded.
You constrict the gnoll. The gnoll misses you.
You completely miss the gnoll. You squeeze the gnoll.
You kill the gnoll!
Your Spellcasting skill increases to level 1!
You have reached level 2!
A rat comes into view.
A rat is nearby!
A rat is nearby!
You tentacle-slap the rat but do no damage.
Your grab misses the rat. The rat bites you.
* * * LOW HITPOINT WARNING * * *
You tentacle-slap the rat.
You kill the rat!
A ball python comes into view.
A ball python is nearby!
A ball python is nearby!
A ball python is nearby!
You are too injured to fight recklessly!
Found a garnet ring.
Found 8 gold pieces.
The ball python bites you.
* * * LOW HITPOINT WARNING * * *
The ball python grabs you. The ball python constricts you.
* * * LOW HITPOINT WARNING * * *
You escape the ball python's grasp.
The ball python closely misses you. The ball python misses you.
You tentacle-slap the ball python. Your grab misses the ball python.
The ball python is moderately wounded.
The ball python closely misses you. The ball python grabs you.
The ball python constricts you.
You tentacle-slap the ball python. You grab the ball python.
The ball python is heavily wounded.
You constrict the ball python. The ball python bites you.
* * * LOW HITPOINT WARNING * * *
The ball python constricts you.
You die...

####..~ ~.♣~≈.## .#
#.....##.≈.~.~.#. .. #
###)..♣~~~≈....#.
.##.#.#..(~~.≈.~.#.#...
......#..~.~......♣#.##
.............♣?≈~....$.
..#####.#~~~~.~.≈~~=.##
........#.$≈...♣......#
#########~~~♣@~~~.....#
............~♣S~.~###.#
##.
#...........##.####.
##..
#..........)##.#... #..
#....†.....###...## #.#
#.######...)..####...##
###.#
#...........†#........#
#..)###
############.#.######.#
#[..... ..#.#......#
#......


You could see a ball python.

Vanquished Creatures
  A gnoll (D:1)
  An endoplasm (D:1)
  A giant cockroach (D:1)
  A hobgoblin (D:1)
  A goblin (D:1)
  2 rats (D:1)
7 creatures vanquished.

Notes
Turn   | Place    | Note
-------+----------+-------------------------------------------
     0 | D:1      | H0rd4k the Octopode Artificer began the quest for the Orb.
     0 | D:1      | Reached XP level 1. HP: 13/13 MP: 1/1
   143 | D:1      | Reached skill level 1 in Spellcasting
   143 | D:1      | Reached XP level 2. HP: 6/19 MP: 1/3
   188 | D:1      | Constricted to death by a ball python

Illustrated notes

Levels and vault maps discovered:
D:1:      dpeg_arrival_connections, layout_basic, basic_ecumenical_altar,
          chequers_serial_rivers_marsh, chequers_serial_rivers_large_a,
          minmay_split_cup_large

Skill      XL: |  1 |
---------------+----+-----
Spellcasting   | 1 |  1.2
Fighting       | |  1.7
Dodging        | |  2.3
Stealth        | |  1.3
Unarmed Combat | |  0.1
Evocations     | |  3.2

Action                   || total
-------------------------++-------
Melee: Unarmed           ||    18
       Constrict         ||     7
       Tentacles         ||     5
 Stab: Sleeping          ||     1
Dodge: Dodged            ||     9
